 Dungeon Crawl Stone Soup version 0.32-a0-128-g77eb882913 (webtiles) character file.

Game seed: 14383103145950426885

14979 Sobieck the Fighter (level 12, -1/140 HPs)
             Began as an Oni Monk on Feb 7, 2024.
             Was a High Priest of Okawaru.
             Slain by Rupert
             ... wielding a +1 battleaxe of flaming
              (13 damage)
             ... on level 12 of the Dungeon.
             The game lasted 00:22:21 (14055 turns).

Sobieck the Fighter (Oni Monk)                     Turns: 14055, Time: 00:22:22

Health: -1/140     AC: 16    Str: 22    XL:     12   Next: 22%
Magic:  13/19      EV: 11    Int: 11    God:    Okawaru [*****.]
Gold:   592        SH:  0    Dex: 11    Spells: 11/11 levels left

rFire   . . .        a - +1 demon whip (venom)
rCold   . . .        d - orb {light}
rNeg    . . .        D - +2 swamp dragon scales
rPois   +            (helmet restricted)
rElec   .            i - +2 cloak
rCorr   +            (gloves unavailable)
SInv    +            (boots unavailable)
Will    +....        (no amulet)
Stlth   +            j - ring of see invisible
HPRegen 0.43/turn    k - ring of resist corrosion
MPRegen 0.16/turn

%: no passive effects
@: about to teleport, heroic, finesse-ful, glowing
A: large, unfitting armour, horns 1, tough skin 1, double potion healing,
drunken brawling
a: Renounce Religion, Heroism, Finesse, Duel


You were on level 12 of the Dungeon.
You worshipped Okawaru.
Okawaru was extremely pleased with you.
You visited 2 branches of the dungeon, and saw 14 of its levels.

You collected 592 gold pieces.

Inventory:

Hand Weapons
 a - a +1 demon whip of venom (weapon)
Missiles
 l - 19 large rocks
 n - 114 stones
 r - 4 throwing nets
 s - 9 boomerangs (quivered)
 t - 27 poisoned darts
 B - 10 curare-tipped darts
 C - 12 javelins
 K - an atropa-tipped dart {god gift}
Armour
 b - a +0 robe
 d - an orb of light (worn)
 i - a +2 cloak (worn)
 D - +2 swamp dragon scales (worn)
Jewellery
 j - a ring of see invisible (left hand)
 k - a ring of resist corrosion (right hand)
 u - a ring of fire
 y - an amulet of faith
 G - a ring of poison resistance
 J - an amulet of magic regeneration
Wands
 v - a wand of flame (34)
 x - a wand of roots (24)
Scrolls
 f - a scroll of noise
 h - 2 scrolls of revelation {unknown}
 o - a scroll of vulnerability
 z - a scroll of brand weapon {unknown}
 A - 4 scrolls of teleportation
 E - a scroll of poison
 F - 2 scrolls of enchant armour
 H - a scroll of enchant weapon
 I - a scroll of fear {unknown}
 R - 3 scrolls of identify
Potions
 c - 3 potions of ambrosia
 e - 6 potions of enlightenment
 g - a potion of brilliance
 m - a potion of magic {unknown}
 p - 2 potions of lignification
 q - a potion of attraction
 w - 3 potions of heal wounds


   Skills:
 + Level 14.7(19.7) Fighting
 - Level 2.6(12.5) Axes
 + Level 11.0(16.1) Maces & Flails
 + Level 5.0(10.0) Throwing
 + Level 4.5(9.5) Armour
 - Level 2.6(7.6) Dodging
 + Level 9.6 Invocations
 - Level 4.0 Evocations


You had 11 spell levels left.
You didn't know any spells.
Your spell library contained the following spells:

 Spells                   Type           Power      Damage    Failure   Level
 Apportation              Tloc           0%         N/A       45%         1
 Magic Dart               Conj           0%         1d3       45%         1
 Slow                     Hex            0%         N/A       45%         1
 Blink                    Tloc           0%         N/A       61%         2
 Ensorcelled Hibernation  Hex/Ice        0%         N/A       61%         2
 Jinxbite                 Hex            0%         N/A       61%         2
 Confusing Touch          Hex            0%         N/A       83%         3
 Gell's Gravitas          Tloc           0%         N/A       83%         3
 Inner Flame              Hex/Fire       0%         N/A       83%         3
 Passwall                 Erth           0%         N/A       83%         3
 Sigil of Binding         Hex            0%         N/A       83%         3
 Swiftness                Air            0%         N/A       83%         3
 Teleport Other           Tloc           0%         N/A       83%         3
 Vampiric Draining        Necr           0%         2d6       83%         3
 Volatile Blastmotes      Fire/Tloc      0%         2d10      83%         3
 Fulminant Prism          Conj/Alch      0%         3d5       99%         4
 Iskenderun's Mystic Bla  Conj/Tloc      0%         2d3       99%         4
 Alistair's Intoxication  Alch           0%         N/A       100%        5
 Irradiate                Conj/Alch      0%         3d11      100%        5
 Dispersal                Tloc           0%         N/A       100%        6
 Ignition                 Fire           0%         3d3       100%        8
 Call Imp                 Summ           Unusable   N/A       N/A         2

Dungeon Overview and Level Annotations

Branches:
Dungeon (13/15)            Temple (1/1) D:7            Lair (0/5) D:9
    Orc (0/2) D:10
 Vaults: D:13-14

Altars:
Ashenzari
Cheibriados
Dithmenos
Elyvilon
Fedhas
Gozag
Hepliaklqana
Kikubaaqudgha
Makhleb
Nemelex Xobeh
Okawaru
Qazlal
Ru
Sif Muna
Trog
Uskayaw
Vehumet
Wu Jian
Xom
Yredelemnul
Zin
The Shining One

Portals:
Trove: D:11 (give +4 fire dragon scales)

Annotations:
D:11 1 runed translucent door, LobsterGuardian's ghost, journeyman GnHs
D:12 Rupert


Innate Abilities, Weirdness & Mutations

You are too large for most types of armour.
You have a pair of small horns on your head.
You have tough skin. (AC +1)
You gain doubled healing and magic from potions.
Whenever you drink a healing potion, you attack all around you.


Message History

You hit Rupert.
Rupert is lightly wounded.
The fire elemental hits you. The fire elemental burns you!
Unknown command.
You whack Rupert!
Rupert is poisoned.
Rupert is lightly wounded.
Rupert hits you with a +1 battleaxe of flaming!!
* * * LOW HITPOINT WARNING * * *
Rupert burns you!
* * * LOW HITPOINT WARNING * * *
You whack Rupert!
Rupert looks as sick as possible!
Your headbutt misses Rupert.
Rupert is lightly wounded.
Unknown command.
You whack Rupert!
Rupert is moderately wounded.
The fire elemental hits you. The fire elemental burns you!
* * * LOW HITPOINT WARNING * * *
Unknown command.
Unknown command.
You whack Rupert!
Rupert looks as sick as possible!
Your headbutt misses Rupert.
Rupert is moderately wounded.
Rupert barely misses you.
Unknown command.
Unknown command.
As you read the scroll of teleportation, it crumbles to dust.
You feel strangely unstable. The fire elemental hits you.
The fire elemental burns you!
* * * LOW HITPOINT WARNING * * *
Rupert hits you with a +1 battleaxe of flaming!
* * * LOW HITPOINT WARNING * * *
Rupert burns you.
* * * LOW HITPOINT WARNING * * *
Unknown command.
Unknown command.
Unknown command.
You barely miss Rupert.
Rupert is moderately wounded.
The fire elemental completely misses you.
Unknown command.
Unknown command.
Unknown command.
You whack Rupert!
Rupert looks as sick as possible!
Rupert is moderately wounded.
Rupert hits you with a +1 battleaxe of flaming!!
* * * LOW HITPOINT WARNING * * *
Rupert burns you!
You die...
Rupert roars with triumph.

#..#..).#.....#...+.......#....
#..#....#.....#.>.#.......#....
#..######.....#...#[#######....
###.............#................
................#................
....####........#................
#### #........#................
.##########@..........#####
...e.....E@.........###
.....[..##########..# ..☼°....#
#..# ..°.☼...# .#####..# #..#
#..# #..# #...


You could see Rupert (berserk, extremely poisoned), a deep elf pyromancer and a
fire elemental (summoned).

Vanquished Creatures
  2 two-headed ogres
  A tengu warrior (D:12)
  Urug (D:12)
  Sonja (D:10)
  Amaemon (D:8)
  3 cyclopes
  A gargoyle (D:11)
  2 unseen horrors
  Maggie (D:9)
  An orange demon (D:8)
  A tengu conjurer (D:12)
  4 trolls
  A hornet (D:9)
  10 yaks (D:9)
  2 steam dragons
  Menkaure (D:6)
  4 water moccasins
  2 orc warriors
  A swamp drake (D:10)
  2 black bears
  2 ice beasts
  2 sky beasts
  2 ogres
  3 centaurs
  4 wolves
  3 phantoms
  4 kobold brigands
  3 bullfrogs
  3 gnoll sergeants
  A scorpion (D:6)
  8 wights
  17 killer bees
  3 electric eels (D:9)
  9 howler monkeys
  A crimson imp (D:3)
  4 hounds
  6 orc priests
  3 jellies
  2 gnoll boudas
  Terence (D:2)
  Ijyb (D:4)
  Natasha (thrice) (D:3)
  2 iguanas (D:5)
  13 orc wizards
  2 sleepcaps (D:6)
  7 adders
  20 gnolls
  A white imp (D:7)
  2 ufetubi (D:7)
  2 ribbon worms
  3 dart slugs
  51 orcs
  3 bats (D:1)
  4 endoplasms
  3 giant cockroaches
  8 hobgoblins
  4 jackals (D:5)
  2 quokkas
  8 ball pythons
  3 frilled lizards
  12 goblins
  A goblin skeleton (D:3)
  A goblin zombie (D:3)
  2 hobgoblin zombies (D:3)
  24 kobolds
  A kobold skeleton (D:3)
  2 kobold zombies (D:3)
  2 orc zombies (D:3)
  6 rats
316 creatures vanquished.

Notes
Turn   | Place    | Note
-------+----------+-------------------------------------------
     0 | D:1      | Sobieck the Oni Monk began the quest for the Orb.
     0 | D:1      | Reached XP level 1. HP: 24/24 MP: 1/1
   257 | D:1      | Reached XP level 2. HP: 32/33 MP: 2/2
   755 | D:1      | Reached XP level 3. HP: 40/40 MP: 3/3
   999 | D:2      | Reached skill level 5 in Fighting
  1119 | D:2      | Noticed Terence
  1335 | D:2      | Killed Terence
  1336 | D:2      | Reached XP level 4. HP: 23/50 MP: 4/4
  2116 | D:3      | Found a glowing golden altar of the Shining One.
  2124 | D:3      | Reached skill level 6 in Fighting
  2124 | D:3      | Reached XP level 5. HP: 59/59 MP: 5/5
  2196 | D:3      | Noticed Natasha
  2203 | D:3      | Killed Natasha
  2628 | D:3      | Noticed Natasha
  2636 | D:3      | Killed Natasha
  2637 | D:3      | Reached XP level 6. HP: 61/68 MP: 6/6
  2719 | D:3      | Noticed Natasha
  2724 | D:3      | Killed Natasha
  2866 | D:4      | Reached skill level 7 in Fighting
  3086 | D:4      | Noticed Ijyb
  3092 | D:4      | Killed Ijyb
  3133 | D:4      | HP: 3/71 [gnoll sergeant/+0 trident (2)]
  3136 | D:4      | HP: 1/71 [gnoll/+0 whip[a gnoll sergeant] (3)]
  3665 | D:4      | Reached XP level 7. HP: 79/79 MP: 7/7
  3668 | D:4      | Reached skill level 6 in Maces & Flails
  3726 | D:5      | Entered Level 5 of the Dungeon
  3730 | D:5      | Reached skill level 8 in Fighting
  3934 | D:5      | Reached skill level 9 in Fighting
  3939 | D:5      | Reached XP level 8. HP: 59/92 MP: 8/8
  4687 | D:6      | Noticed Menkaure
  4693 | D:6      | Killed Menkaure
  4868 | D:6      | Reached skill level 10 in Fighting
  5847 | D:7      | Reached skill level 11 in Fighting
  5847 | D:7      | Reached XP level 9. HP: 86/105 MP: 9/9
  6141 | D:7      | Reached skill level 9 in Maces & Flails
  6203 | D:7      | Found a snail-covered altar of Cheibriados.
  6433 | D:7      | Reached skill level 12 in Fighting
  6553 | D:7      | Found a staircase to the Ecumenical Temple.
  6567 | Temple   | Entered the Ecumenical Temple
  6581 | Temple   | Became a worshipper of Warmaster Okawaru
  6581 | Temple   | Reached * piety under Okawaru
  6581 | Temple   | Reached ** piety under Okawaru
  6655 | D:7      | Reached skill level 1 in Invocations
  7462 | D:8      | Found a hazy altar of Hepliaklqana.
  7580 | D:8      | Reached skill level 13 in Fighting
  7589 | D:8      | Reached skill level 3 in Invocations
  7589 | D:8      | Reached XP level 10. HP: 29/119 MP: 9/12
  8408 | D:8      | Reached skill level 6 in Invocations
  8773 | D:9      | Noticed Amaemon
  8773 | D:9      | Noticed an orange demon
  8816 | D:9      | Noticed Maggie
  8829 | D:9      | Killed Maggie
  9023 | D:9      | Reached skill level 1 in Axes
  9301 | D:9      | Reached *** piety under Okawaru
  9481 | D:8      | Killed an orange demon
  9482 | D:8      | Reached skill level 1 in Throwing
  9482 | D:8      | Reached skill level 1 in Armour
  9497 | D:8      | Killed Amaemon
  9498 | D:8      | Reached skill level 1 in Evocations
  9732 | D:9      | Found a staircase to the Lair.
 10221 | D:9      | Reached **** piety under Okawaru
 10222 | D:9      | Reached XP level 11. HP: 109/127 MP: 17/17
 10240 | D:9      | Paralysed by a hornet for 2 turns
 10368 | D:9      | Found a radiant altar of Vehumet.
 10369 | D:9      | Found an ornate altar of the Wu Jian Council.
 10625 | D:9      | Reached skill level 3 in Throwing
 11040 | D:10     | Entered Level 10 of the Dungeon
 11056 | D:10     | Noticed a two-headed ogre
 11145 | D:9      | Reached ***** piety under Okawaru
 11169 | D:9      | Killed a two-headed ogre
 11170 | D:9      | Reached skill level 14 in Fighting
 11170 | D:9      | Reached skill level 3 in Armour
 11437 | D:10     | Noticed Sonja
 11455 | D:10     | Killed Sonja
 11691 | D:10     | Reached skill level 3 in Evocations
 11736 | D:10     | Found a staircase to the Orcish Mines.
 12162 | D:11     | Found a portal to a secret trove of treasure.
 12256 | D:11     | Found a runed translucent door.
 12257 | D:11     | Noticed LobsterGuardian's ghost (journeyman GnHs)
 12304 | D:11     | Reached skill level 9 in Invocations
 12351 | D:11     | Noticed a cyclops
 12357 | D:11     | Killed a cyclops
 12444 | D:11     | Found a blossoming altar of Fedhas.
 12838 | D:12     | Noticed a cyclops
 12860 | D:12     | Killed a cyclops
 12937 | D:12     | Noticed Urug
 12953 | D:12     | Killed Urug
 12953 | D:12     | Received a gift from Okawaru
 13048 | D:12     | Noticed a two-headed ogre
 13062 | D:12     | Killed a two-headed ogre
 13063 | D:12     | Reached XP level 12. HP: 99/140 MP: 17/19
 13447 | D:12     | Noticed a tengu warrior
 13826 | D:12     | Killed a tengu warrior
 14022 | D:12     | Noticed Rupert
 14055 | D:12     | Slain by Rupert

Illustrated notes

Levels and vault maps discovered:
D:1:      dpeg_arrival_rhombus, layout_loops_corners, minmay_misc_feat_tiny,
          minmay_tetromino_s2
D:2:      layout_basic, minmay_tree_intersection, uniq_terence
D:3:      layout_basic, nicolae_tso_besieged_by_evil, hangedman_decor_slide_cut,
          uniq_natasha
D:4:      layout_loops_ring, uniq_ijyb
D:5:      layout_basic, item_on_display_a
D:6:      layout_basic, chequers_jeans, uniq_menkaure
D:7:      layout_loops_cross, slow_altar_1, minmay_temple_entry_proselytizer
D:8:      layout_basic, nicolae_hepliaklqana_hazy_memory, st_stairs_12,
          serial_library_regret_index_branch_corner, grunt_ministairs_8
D:9:      layout_long_grid, nicolae_overflow_squiral, erik_lair_island,
          enter_bailey_7, uniq_amaemon, uniq_maggie
D:10:     layout_loops_ring, erik_orc_1, uniq_sonja
D:11:     layout_roguey, nicolae_trove_entry_crystal,
          ebering_ghost_reflecting_pool, fedhas_altar_fruit_tree
D:12:     layout_irregular_city, nicolae_figureground_sparkle, uniq_nessos,
          uniq_rupert, uniq_urug
D:13:     layout_rooms, grunt_vaults_entry_tiered
Temple:   bh_familiar_temple

Skill      XL: |  1  2  3  4  5  6  7  8  9 10 11 12 |
---------------+-------------------------------------+-----
Fighting       | 5 6 7 9 11 13 14 | 14.7
Maces & Flails | 4 5 6 8 10 11 | 11.0
Invocations    | 3 8 9 |  9.6
Axes           | 2 |  2.6
Throwing       | 2 4 5 |  5.0
Armour         | 2 4 |  4.5
Evocations     | 1 3 4 |  4.0
Dodging        | |  2.6

Action                     |  1- 3 |  4- 6 |  7- 9 | 10-12 || total
---------------------------+-------+-------+-------+-------++-------
  Melee: Mace              |    69 |     3 |       |       ||    72
         Headbutt          |    14 |    23 |    53 |   130 ||   220
         Hand axe          |       |   105 |   229 |    65 ||   399
         Broad axe         |       |       |       |    50 ||    50
         Demon whip        |       |       |       |   305 ||   305
  Throw: Large rock        |     3 |       |       |     4 ||     7
         Boomerang         |       |    16 |    68 |    16 ||   100
         Dart              |       |       |       |     1 ||     1
 Invoke: Heroism           |       |       |     2 |     5 ||     7
         Finesse           |       |       |       |     2 ||     2
  Evoke: Wand              |       |       |       |     5 ||     5
    Use: Potion            |       |     4 |     5 |       ||     9
         Scroll            |       |     3 |     9 |     5 ||    17
 Armour: Robe              |    41 |    75 |   173 |    74 ||   363
         Skin              |       |       |    11 |    10 ||    21
         Swamp dragon scal |       |       |       |   299 ||   299
  Dodge: Dodged            |    42 |    46 |   108 |   196 ||   392

Table legend: (Time is in decaauts)
 A = Elapsed time spent in this place.
 B = Non-inter-level travel time spent in this place.
 C = Inter-level travel time spent in this place.
 D = Time resting spent in this place.
 E = Time spent auto-exploring this place.
 F = Levels seen in this place.
 G = Mean time per level.
                   A        B        C        D        E       F      G
               +--------+--------+--------+--------+--------+-----+--------+
         Total |  14016 |  13566 |    450 |   3443 |   7783 |  14 | 1001.1 |
       Dungeon |  13989 |  13565 |    424 |   3443 |   7783 |  13 | 1076.1 |
        Temple |     27 |      1 |     26 |      0 |      0 |   1 |   27.0 |
               +--------+--------+--------+--------+--------+-----+--------+

Top non-repeatable levels by time:
     D:8: 2440 daAuts
     D:9: 1596 daAuts
     D:7: 1255 daAuts
     D:6: 1162 daAuts
     D:2: 1128 daAuts
    D:12: 1075 daAuts
     D:1: 973 daAuts
     D:4: 972 daAuts
     D:5: 948 daAuts
    D:10: 920 daAuts
    D:11: 805 daAuts
     D:3: 692 daAuts
  Temple: 27 daAuts
    D:13: 17 daAuts
